 Dungeon Crawl Stone Soup version 0.30.1-9-gdf580d7c3d (webtiles) character file.

Game seed: 16823381388617871570

2742 arthad the Ducker (level 10, -2/72 HPs)
             Began as a Djinni Fire Elementalist on Oct 17, 2023.
             Was an Initiate of Gozag.
             Slain by a two-headed ogre
             ... wielding a +0 giant spiked club
              (33 damage)
             ... on level 7 of the Dungeon on Oct 19, 2023.
             The game lasted 00:15:12 (5840 turns).

arthad the Ducker (Djinni Fire Elementalist)        Turns: 5840, Time: 00:15:13

Health: -2/72      AC:  3    Str:  5 (7)  XL:     10   Next: 0%
Gold:   525        EV: 14    Int: 18 (21) God:    Gozag SH:  0 Dex: 12 (14)

rFire   + + .        E - +1 whip (elec)
rCold   x . .        (no shield)
rNeg    . . .        a - +0 robe
rPois   ∞            (no helmet)
rElec   .            M - +0 cloak
rCorr   .            (no gloves)
SInv    .            (boots unavailable)
Will    +....        (no amulet)
Stlth   +++          (no ring)
HPRegen 0.32/turn    (no ring)
MPRegen 0.00/turn

%: infuse magic (-3 HP)
@: flying, very slightly contaminated
A: sickness immunity, fire resistance 2, cold vulnerability 1, float, innate
caster, HP casting, extra vitality 1
a: Renounce Religion, Potion Petition, Call Merchant, Bribe Branch


You were on level 7 of the Dungeon.
You worshipped Gozag.
Gozag was pleased with you.
You visited 2 branches of the dungeon, and saw 8 of its levels.
You also visited: Ossuary.

You collected 783 gold pieces.
You spent 159 gold pieces at shops.
You paid 99 gold pieces to Gozag.

Inventory:

Hand Weapons
 r - a +0 rapier
 u - a +0 antimagic dagger
 v - a +0 flail of draining
 E - a +1 whip of electrocution (weapon)
 N - a +5 great sword of freezing
 O - a +2 flail of draining
Missiles
 z - 16 poisoned darts
 L - a boomerang
 P - a curare-tipped dart
Armour
 a - a +0 robe (worn)
 m - a +0 kite shield
 M - a +0 cloak (worn)
 Q - a +0 leather armour of fire resistance
Wands
 s - a wand of charming (5)
 B - a wand of iceblast (11)
 J - a wand of flame (6)
Scrolls
 c - a scroll of magic mapping
 f - 3 scrolls of teleportation {unknown}
 g - 2 scrolls of acquirement {unknown}
 h - a scroll of immolation {unknown}
 j - 2 scrolls of vulnerability {unknown}
 k - 6 scrolls of identify
 l - 3 scrolls of enchant armour {unknown}
 n - 3 scrolls of blinking {unknown}
 p - 3 scrolls of fear {unknown}
 q - 2 scrolls of fog {unknown}
 t - a scroll of poison {unknown}
 x - 3 scrolls of amnesia {unknown}
 y - 3 scrolls of enchant weapon {unknown}
 F - a scroll of torment {unknown}
Potions
 b - a potion of ambrosia
 d - 2 potions of curing
 e - a potion of lignification {unknown}
 i - 4 potions of heal wounds
 o - 5 potions of degeneration
 w - a potion of might {unknown}
 A - a potion of resistance {unknown}
 C - a potion of magic {unknown}
 D - 2 potions of haste {unknown}
 G - a potion of brilliance {unknown}
 H - a potion of invisibility {unknown}
 I - 2 potions of attraction {unknown}
 K - a potion of mutation {unknown}
 R - a potion of flight {unknown}


   Skills:
 + Level 5.6 Fighting
 + Level 6.6 Dodging
 + Level 5.5 Stealth
 + Level 5.5 Shields
 + Level 5.0 Spellcasting


You knew the following spells:

 Your Spells              Type           Power      Damage    Failure   Level
a - Foxfire               Conj/Fire      88%        2x1d8     1%          1
b - Scorch                Fire           44%        2d6       2%          2
c - Volatile Blastmotes   Fire/Tloc      44%        2d13      4%          3
d - Inner Flame           Hex/Fire       22%        N/A       4%          3
e - Flame Wave            Conj/Fire      22%        2d8       17%         4
f - Slow                  Hex            88%        N/A       1%          1
g - Wereblood             Tmut           22%        N/A       2%          2
h - Ensorcelled Hibernat  Hex/Ice        44%        N/A       2%          2
i - Ignite Poison         Fire/Tmut/Pois 22%        N/A       4%          3
Your spell library was empty.

Dungeon Overview and Level Annotations

Branches:
Dungeon (7/15)             Temple (1/1) D:6         Ossuary (visited)

Altars:
Ashenzari
Cheibriados
Elyvilon
Fedhas
Gozag
Hepliaklqana
Makhleb
Nemelex Xobeh
Okawaru
Qazlal
Trog
Uskayaw
Wu Jian
Xom
Yredelemnul
Zin
The Shining One

Shops:
D:6 *


Innate Abilities, Weirdness & Mutations

You are immune to sickness and miasma.
You are immune to poison.
Your flesh is very heat resistant. (rF++)
You are vulnerable to cold. (rC-)
You float through the air rather than walking.
You learn spells naturally, not from books.
Your magical power is your life essence.
You have superior vitality. (+4 MHP)


Message History

You conjure some foxfire!
The foxfire hits the two-headed ogre!
The two-headed ogre is lightly wounded.
The foxfire hits the two-headed ogre.
The two-headed ogre is moderately wounded.
Casting: Foxfire (safe; 1% risk of failure)
Confirm with . or Enter, or press ? or * to list all spells.
Flames lash the two-headed ogre.
The two-headed ogre is moderately wounded.
The two-headed ogre's fire resistance burns away.
The foxfire hits the two-headed ogre.
The two-headed ogre is moderately wounded.
The foxfire hits the two-headed ogre.
The two-headed ogre is burned terribly!
The two-headed ogre is moderately wounded.
Casting: Scorch (safe; 2% risk of failure)
Confirm with . or Enter, or press ? or * to list all spells.
Aiming: Ensorcelled Hibernation (safe; 2% risk of failure)
Press: ? - help, Shift-Dir - straight line, f - two-headed ogre
Aim: a two-headed ogre, wielding two +0 giant spiked clubs (moderately wounded, more vulnerable to fire, chance to affect: 37%)
Okay, then.
Casting: Ensorcelled Hibernation (safe; 2% risk of failure)
Confirm with . or Enter, or press ? or * to list all spells.
Casting: Flame Wave (dangerous; 17% risk of failure)
Press: ? - help, Dir - look around, f - activate You miscast Flame Wave.
You are very lightly contaminated with residual magic.
Nothing appears to happen.
The two-headed ogre hits you with a +0 giant spiked club!!
The two-headed ogre misses you.
Casting: Flame Wave (dangerous; 17% risk of failure)
Confirm with . or Enter, or press ? or * to list all spells.
Casting: Flame Wave (dangerous; 17% risk of failure)
Press: ? - help, Dir - look around, f - activate A wave of flame ripples out!
The flame wave engulfs the two-headed ogre!
The two-headed ogre is burned terribly!
The two-headed ogre is severely wounded. (Press . to intensify the flame waves.)
The two-headed ogre hits you with a +0 giant spiked club!!
You die...
Your body crumbles into a pile of gold.

.####..## #..****,.###.,,,,,,,,**
..#*##..###.#* *......**,,******
#..# ##..##.# *....#****,* **,
*#.#* ##....## *#....# *,* **,,
*#.#**#..>..###.....# *,***,,*
*...,#.###.....#*,,## *,,,,,**
*,.....# ###..####..##**,,,,**
*,....## ##........#*,,,,,**
**.....* #.@.......,,*,,,,**
**,.##..** #.O..###..,,,,,,,,,
*,,**##.,* #..###**,,,,******,
,,** **,** #..# *,,,,,*⌠,,,**
,,,** **,****#..# *,,8+8*,,_,,*
,,,,** **,,,,*#..#***,,*,******,*
,*,,,***,,*,,,....**,,,*,,+,,,,,*
,***,,,,,**,,,..#.,,,,,*,,+,,,,,*
,,***,,,***,,,,**,,***,*,******,*


You could see a two-headed ogre (combustible).

Vanquished Creatures
  2 hornets
  Eustachio (D:6)
  Edmund (D:6)
  A water moccasin (D:5)
  An orc warrior (D:7)
  A black bear (D:6)
  2 sky beasts
  2 centaurs
  2 phantoms
  2 kobold brigands
  A bullfrog (D:6)
  4 scorpions
  5 wights (D:6)
  2 hounds
  A jelly (D:7)
  2 orc priests
  2 iguanas (D:5)
  5 orc wizards
  A scorpion zombie (D:4)
  A hound zombie (D:4)
  8 mummies (Ossuary)
  4 gnolls (D:5)
  3 adders
  2 white imps (D:6)
  An ufetubus (D:4)
  2 adder zombies (D:4)
  2 dart slugs (D:1)
  12 orcs
  3 ball pythons
  4 bats
  4 endoplasms
  A giant cockroach (D:3)
  A gnoll zombie (Ossuary)
  4 hobgoblins
  3 quokkas
  A frilled lizard (D:2)
  4 goblins
  A hobgoblin zombie (Ossuary)
  10 kobolds
  3 kobold zombies (Ossuary)
  3 orc zombies (Ossuary)
  2 rats (D:2)
117 creatures vanquished.

Vanquished Creatures (others)
  529 foxfires
529 creatures vanquished.

Grand Total: 646 creatures vanquished

Notes
Turn   | Place    | Note
-------+----------+-------------------------------------------
     0 | D:1      | arthad the Djinni Fire Elementalist began the quest for the
                  | Orb.
     0 | D:1      | arthad set off with the following spells memorised:
                  | Foxfire, Scorch, Volatile Blastmotes, Inner Flame, Flame
                  | Wave.
     0 | D:1      | Reached XP level 1. HP: 15/15 MP: 0/0
   145 | D:1      | Reached XP level 2. HP: 17/22 MP: 0/0
   818 | D:2      | Reached skill level 1 in Fighting
   818 | D:2      | Reached XP level 3. HP: 26/27 MP: 0/0
   818 | D:2      | Learned a level 1 spell: Slow
  1272 | D:3      | Found a faded altar of an unknown god.
  1428 | D:3      | Noticed a kobold brigand
  1444 | D:3      | Killed a kobold brigand
  1445 | D:3      | Reached skill level 3 in Dodging
  1445 | D:3      | Reached skill level 1 in Shields
  1445 | D:3      | Reached XP level 4. HP: 25/33 MP: 0/0
  1445 | D:3      | Reached XP level 5. HP: 29/38 MP: 0/0
  1445 | D:3      | Learned a level 2 spell: Wereblood
  1483 | D:3      | Found a hazy altar of Hepliaklqana.
  1484 | D:3      | Found a faded altar of an unknown god.
  2167 | D:4      | Noticed a hornet
  2174 | D:4      | Killed a hornet
  2175 | D:4      | Reached XP level 6. HP: 11/45 MP: 0/0
  2392 | D:4      | Found a sparkling altar of Nemelex Xobeh.
  2412 | D:4      | Reached XP level 7. HP: 27/49 MP: 0/0
  2412 | D:4      | Learned a level 2 spell: Ensorcelled Hibernation
  2579 | D:4      | Reached skill level 4 in Dodging
  2676 | D:4      | Found a basalt altar of Yredelemnul.
  3140 | D:5      | Entered Level 5 of the Dungeon
  3616 | D:5      | Reached XP level 8. HP: 20/56 MP: 0/0
  3957 | D:5      | Found a glowing golden altar of the Shining One.
  3971 | D:5      | Reached skill level 5 in Dodging
  4165 | D:6      | Found Fueherch's Assorted Antiques.
  4172 | D:6      | Bought a red potion for 24 gold pieces
  4172 | D:6      | Bought a scroll labelled WANOENL USKAGE for 27 gold pieces
  4172 | D:6      | Bought an encrusted silver wand for 108 gold pieces
  4559 | D:6      | Reached XP level 9. HP: 61/63 MP: 0/0
  4559 | D:6      | Learned a level 3 spell: Ignite Poison
  4696 | D:6      | Noticed Edmund
  4705 | D:6      | Killed Edmund
  4825 | D:6      | Reached skill level 5 in Fighting
  4825 | D:6      | Reached skill level 6 in Dodging
  4890 | D:6      | Found a staircase to the Ecumenical Temple.
  4907 | Temple   | Entered the Ecumenical Temple
  5092 | Temple   | Became a worshipper of Gozag Ym Sagoz the Greedy
  5116 | D:6      | Noticed Eustachio
  5131 | D:6      | Killed Eustachio
  5132 | D:6      | Reached skill level 5 in Stealth
  5277 | D:7      | Reached skill level 5 in Shields
  5289 | D:7      | Found a sand-covered staircase.
  5334 | D:7      | Noticed a hornet
  5343 | D:7      | Killed a hornet
  5349 | D:7      | Reached skill level 5 in Spellcasting
  5467 | Ossuary  | Entered an ossuary
  5580 | Ossuary  | Reached XP level 10. HP: 65/72 MP: 0/0
  5833 | D:7      | Noticed a two-headed ogre
  5840 | D:7      | Slain by a two-headed ogre

Illustrated notes

Levels and vault maps discovered:
D:1:      lightli_arrival_statue_moat, layout_rooms, serial_corexii_hall,
          chequers_hall_statues_y, corexii_hall_statues_deadend,
          kennysheep_another_room, kennysheep_minor_cross
D:2:      layout_rooms
D:3:      layout_basic, beargit_hepliaklqana_dungeon_heroes,
          dreamdust_ecumenical_altar_hidden_monk_grotto, minivault_14
D:4:      layout_basic, nicolae_yredelemnul_corpse_copse, general_overflow_altar
D:5:      layout_rooms, mainiacjoe_overflow_cross_hatched,
          kennysheep_generic_room_5
D:6:      layout_rooms, temple_green, serial_curves, eino_curves_01,
          eino_curves_01, serial_shops, shop, kennysheep_doodads,
          uniq_eustachio, uniq_edmund
D:7:      layout_layer_cave, jmf_multi_god_temple2, serial_shops, shop,
          enter_ossuary_1
Temple:   nicolae_temple_slightly_damp_pantheon

Skill      XL: |  1  2  3  4  5  6  7  8  9 |
---------------+----------------------------+-----
Fighting       | 1 2 3 4 5 |  5.6
Stealth        | 2 3 4 5 |  5.5
Dodging        | 3 4 5 6 |  6.6
Shields        | 1 2 3 4 5 |  5.5
Spellcasting   | 3 4 5 |  5.0

Action                     |  1- 3 |  4- 6 |  7- 9 | 10-12 || total
---------------------------+-------+-------+-------+-------++-------
  Melee: Whip              |       |       |     2 |       ||     2
   Cast: Foxfire           |    51 |    26 |   227 |     3 ||   307
         Scorch            |     1 |     6 |    45 |     1 ||    53
         Slow              |     1 |       |       |       ||     1
         Wereblood         |       |       |     1 |       ||     1
         Flame Wave        |       |       |     3 |     1 ||     4
  Evoke: Wand              |       |       |     2 |       ||     2
    Use: Potion            |       |       |     4 |       ||     4
         Scroll            |       |       |     2 |       ||     2
 Armour: Robe              |     2 |       |     9 |       ||    11
  Dodge: Dodged            |     8 |     4 |    32 |     1 ||    45
